 Dungeon Crawl Stone Soup version 0.21.0-34-g9234887 (webtiles) character file.

2093 garbagetei the Stinger (level 9, -2/49 HPs)
             Began as a Tengu Venom Mage on Jan 29, 2018.
             Was an Initiate of Vehumet.
             Slain by a two-headed ogre
             ... wielding a +0 giant club
              (9 damage)
             ... on level 8 of the Dungeon.
             The game lasted 00:34:40 (12852 turns).

garbagetei the Stinger (Tengu Venom Mage)          Turns: 12852, Time: 00:34:40

Health: -2/49      AC:  5    Str:  9    XL:     9   Next: 27%
Magic:  18/18      EV: 14    Int: 19    God:    Vehumet [......]
Gold:   446        SH:  0    Dex: 14    Spells: 12/18 levels left

rFire    . . .     SeeInvis .   p - +0 rapier
rCold    . . .     Gourm    .   (no shield)
rNeg     . . .     Faith    .   m - +1 robe
rPois    .         Spirit   .   (helmet restricted)
rElec    .         Reflect  .   t - +0 cloak
rCorr    .         Harm     .   H - +0 pair of gloves
MR       .....                  (boots unavailable)
Stlth    ++........             q - amulet of magic regeneration
HPRegen  0.16/turn              (no ring)
MPRegen  0.41/turn              (no ring)

@: no status effects
A: beak, talons 3, able to fly 1
a: Fly, Renounce Religion


You were on level 8 of the Dungeon.
You worshipped Vehumet.
Vehumet was noncommittal.
You were very hungry.

You visited 2 branches of the dungeon, and saw 9 of its levels.
You also visited: Ossuary.

You collected 446 gold pieces.

Inventory:

Hand Weapons
 n - a +0 dagger
 p - a +0 rapier (weapon)
 r - a +1 hunting sling of flaming
Missiles
 d - 246 stones (quivered)
 D - 8 curare-tipped needles
Armour
 a - a +0 robe
 m - a +1 robe (worn)
 t - a +0 cloak (worn)
 H - a +0 pair of gloves (worn)
Jewellery
 q - an amulet of magic regeneration (around neck)
 E - a cursed ring of loudness
Wands
 i - a wand of polymorph (6)
 F - a wand of flame (19)
Scrolls
 e - 4 scrolls of teleportation
 f - 3 scrolls of amnesia
 g - 4 scrolls of enchant weapon
 h - a scroll of identify
 j - 7 scrolls of remove curse
 k - 2 scrolls of enchant armour
 l - 3 scrolls of fear {unknown}
 o - 3 scrolls of fog {unknown}
 v - a scroll of blinking {unknown}
 y - 3 scrolls of magic mapping
 A - a scroll of noise {unknown}
 C - a scroll of immolation {unknown}
Potions
 s - 2 potions of haste
 u - a potion of cancellation
 w - 3 potions of agility
 x - a potion of resistance
 z - a potion of lignification {unknown}
 G - a potion of berserk rage {unknown}
Books
 b - a Young Poisoner's Handbook

   Spells                             Type                      Level
   a - Sting                          Conjuration/Poison           1
   b - Poisonous Vapours              Poison/Air                   2
   c - Mephitic Cloud                 Conjuration/Poison/Air       3
   d - Olgreb's Toxic Radiance        Poison                       4
   e - Venom Bolt                     Conjuration/Poison           5
 B - a book of Callings

   Spells                             Type                      Level
   a - Summon Small Mammal            Summoning                    1
   b - Call Imp                       Summoning                    2
   c - Call Canine Familiar           Summoning                    3
   d - Summon Guardian Golem          Hexes/Summoning              3
   e - Summon Lightning Spire         Summoning/Air                4
   f - Summon Ice Beast               Ice/Summoning                4
Comestibles
 c - 8 rations


   Skills:
 + Level 2.6 Fighting
 + Level 4.2 Short Blades
 + Level 3.0 Slings
 + Level 4.3 Dodging
 + Level 3.2 Stealth
 + Level 0.7 Unarmed Combat
 + Level 5.4 Spellcasting
 + Level 5.4 Conjurations
 + Level 4.1 Air Magic
 + Level 6.0 Poison Magic


You had 12 spell levels left.
You knew the following spells:

 Your Spells              Type           Power        Failure   Level  Hunger
a - Sting                 Conj/Pois      ####         1%          1    None
b - Poisonous Vapours     Pois/Air       ###...       2%          2    None
c - Mephitic Cloud        Conj/Pois/Air  ###.....     4%          3    ##.....


Dungeon Overview and Level Annotations

Branches:
Dungeon (8/15)             Temple (1/1) D:6
   Lair: D:8-11

Altars:
Ashenzari
Dithmenos
Elyvilon
Fedhas
Gozag
Hepliaklqana
Kikubaaqudgha
Makhleb
Nemelex Xobeh
Okawaru
Qazlal
Ru
Sif Muna
Trog
Uskayaw
Vehumet
Wu Jian
Xom
Yredelemnul
Zin
The Shining One

Shops:
D:6 %

Annotations:
D:1 Terence


Innate Abilities, Weirdness & Mutations

You have a beak for a mouth.
You have claws for feet.
You can fly.


Message History

Eat a chunk of flesh? (ye/n/q)
You eat the chunk of flesh.
This raw flesh tastes terrible.
You are feeling hungry.
You start resting.
You start resting.
You start resting.
You start resting.
You are feeling very hungry.
You start resting.
There is a stone staircase leading down, spattered with blood here.
You climb downwards.
The two-headed ogre hits you with a giant club!
The two-headed ogre hits you with a giant club.
The crimson imp barely misses you.
There is a stone staircase leading up here.
The crimson imp barely misses you.
The two-headed ogre hits you with a giant club!!
* * * LOW HITPOINT WARNING * * *
The two-headed ogre hits you with a giant club!
You die...

#G .... # #..#.
#.##..# .#
#..#.###
#.....##.#
#....... .......
#..#.#.# #...#
.....# #.# #...#
#.# #...#######.#
#.@5).......# .
##.O######### .##
####...# ..
#....#.# ##.
#.##...# $..######
#.##.###
........#####.##.#
#........(....##.#
##.####.########.#


You could see a two-headed ogre and a crimson imp.

Vanquished Creatures
  Sigmund (D:2)
  A centaur (D:5)
  An ogre (D:5)
  Blork the orc (D:4)
  3 bullfrogs
  An elf zombie (Ossuary)
  2 scorpions (D:8)
  5 killer bees
  A howler monkey (D:4)
  A bullfrog zombie (D:7)
  A human zombie (Ossuary)
  A bullfrog skeleton (D:5)
  4 orc priests
  Crazy Yiuf (D:3)
  An iguana (D:5)
  6 orc wizards
  Jessica (D:3)
  9 worker ants
  Natasha (thrice) (D:4)
  A big kobold zombie (Ossuary)
  A hound zombie (Ossuary)
  3 hound skeletons
  3 mummies (Ossuary)
  4 gnolls (D:2)
  3 adders
  A shadow imp (D:5)
  An ooze (D:2)
  3 adder zombies (Ossuary)
  An adder skeleton (D:4)
  3 worms
  A dart slug (D:1)
  A leopard gecko (D:5)
  19 orcs
  2 ball pythons
  11 bats
  2 giant cockroaches
  4 gnoll zombies (Ossuary)
  10 goblins
  9 hobgoblins
  19 jackals
  3 kobolds
  2 quokkas
  7 frilled lizards
  3 goblin zombies (Ossuary)
  6 jackal zombies (Ossuary)
  4 kobold zombies (Ossuary)
  An orc zombie (Ossuary)
  5 quokka zombies (Ossuary)
  8 rats
  5 rat zombies (Ossuary)
190 creatures vanquished.

Notes
Turn   | Place    | Note
-------+----------+-------------------------------------------
     0 | D:1      | garbagetei the Tengu Venom Mage began the quest for the Orb.
     0 | D:1      | Reached XP level 1. HP: 10/10 MP: 4/4
   154 | D:1      | Reached XP level 2. HP: 5/15 MP: 0/6
   392 | D:1      | Learned a level 2 spell: Poisonous Vapours
   764 | D:1      | Reached XP level 3. HP: 19/19 MP: 3/7
  1682 | D:2      | Found an opulent altar of Gozag.
  1682 | D:2      | Found a basalt altar of Yredelemnul.
  1724 | D:2      | Noticed Sigmund
  1793 | D:1      | Reached XP level 4. HP: 7/24 MP: 0/8
  2433 | D:2      | Reached skill level 4 in Poison Magic
  2462 | D:1      | HP: 1/24 [poisoned by a gnoll]
  2998 | D:2      | Killed Sigmund
  2998 | D:2      | Gained mutation: You can fly. [Tengu growth]
  2998 | D:2      | Reached XP level 5. HP: 22/28 MP: 1/10
  2998 | D:2      | Reached XP level 6. HP: 25/32 MP: 1/11
  3065 | D:2      | Learned a level 3 spell: Mephitic Cloud
  3640 | D:3      | Noticed Terence
  4252 | D:3      | Found a runed door.
  4599 | D:3      | Noticed Jessica
  4604 | D:3      | Killed Jessica
  4746 | D:3      | Noticed Crazy Yiuf
  4757 | D:3      | Killed Crazy Yiuf
  4845 | D:4      | Reached skill level 1 in Slings
  4872 | D:4      | Noticed Blork the orc
  5053 | D:4      | Reached XP level 7. HP: 35/37 MP: 9/13
  5097 | D:4      | Killed Blork the orc
  5116 | D:4      | Found a sand-covered staircase.
  5177 | Ossuary  | Entered an ossuary
  5900 | Ossuary  | Reached skill level 1 in Short Blades
  6480 | Ossuary  | Reached skill level 1 in Fighting
  7391 | D:4      | Found a deep blue altar of Sif Muna.
  7603 | D:4      | Noticed Natasha
  7606 | D:4      | Killed Natasha
  7606 | D:4      | Reached skill level 5 in Poison Magic
  7682 | D:4      | Reached XP level 8. HP: 43/43 MP: 12/15
  7731 | D:4      | Noticed Natasha
  7740 | D:4      | Killed Natasha
  7793 | D:4      | Noticed Natasha
  7798 | D:4      | Killed Natasha
  8085 | D:5      | Entered Level 5 of the Dungeon
  8631 | D:5      | Found a shadowy altar of Dithmenos.
  9090 | D:5      | Found a hide-covered altar of Uskayaw.
  9830 | D:6      | Found a staircase to the Ecumenical Temple.
  9841 | Temple   | Entered the Ecumenical Temple
  9882 | Temple   | Became a worshipper of Vehumet
 10511 | D:5      | Reached skill level 5 in Spellcasting
 10628 | D:6      | Found Emocw's Food Emporium.
 11713 | D:7      | Reached XP level 9. HP: 44/48 MP: 12/17
 11991 | D:8      | Reached skill level 5 in Conjurations
 12288 | D:8      | Reached skill level 6 in Poison Magic
 12553 | D:8      | Noticed a two-headed ogre
 12575 | D:8      | Noticed a queen bee
 12852 | D:8      | Slain by a two-headed ogre

Skill      XL: |  1  2  3  4  5  6  7  8  9 |
---------------+----------------------------+-----
Conjurations   | 2 3 4 5 |  5.4
Poison Magic   | 4 5 6 |  6.0
Dodging        | 3 4 |  4.3
Spellcasting   | 3 4 5 |  5.4
Air Magic      | 2 3 4 |  4.1
Slings         | 1 2 3 |  3.0
Short Blades   | 2 4 |  4.2
Fighting       | 1 2 |  2.6
Stealth        | 3 |  3.2
Unarmed Combat | |  0.7

Action                   |  1- 3 |  4- 6 |  7- 9 || total
-------------------------+-------+-------+-------++-------
Melee: Unarmed           |    31 |    10 |       ||    41
       Peck              |     4 |     4 |    38 ||    46
       Kick              |     4 |     1 |    64 ||    69
       Rapier            |       |    11 |   260 ||   271
       Hunting sling     |       |     3 |       ||     3
       Punch             |       |       |     1 ||     1
 Fire: Hunting sling     |       |    24 |    55 ||    79
 Cast: Sting             |    63 |    80 |   118 ||   261
       Poisonous Vapours |     6 |    21 |    49 ||    76
       Mephitic Cloud    |       |       |     3 ||     3
  Use: Potion            |       |     1 |     1 ||     2
       Scroll            |       |     4 |     7 ||    11
 Stab: Sleeping          |       |       |     2 ||     2
  Eat: Chunk             |     4 |     4 |    14 ||    22
       Ration            |       |     2 |     3 ||     5
Armor: Robe              |    17 |    18 |    70 ||   105
Dodge: Dodged            |    83 |    60 |   231 ||   374
